junglejim, neutral male gnomish Healer --------- |........ |.......| |.......| |.<......# ----.----# # # ### # # # ## # --.------ # |.......| ### a |.......| d |.......| #Gaa |.......| --------- junglejim the Empiric Experience level: 5 Strength: 11 Dexterity: 9 Constitution: 14 Intelligence: 11 Wisdom: 15 Charisma: 16 Health: 0(31) Energy: 26(33) Def: 3 Gold: 1981 Moves: 3425 Dungeon seed: Xlo2slDSKp5eXLs1 Game ID: junglejim_1432470052 Your Inventory: Coins $ - 1981 gold pieces Amulets F - an uncursed amulet of ESP (being worn) Weapons a - an uncursed +0 scalpel (alternate weapon; not wielded) n - an uncursed +2 aklys (weapon in hand) Armor e - an uncursed +1 pair of leather gloves (being worn) r - an uncursed +0 pair of low boots (being worn) Comestibles l - 10 blessed eucalyptus leaves m - 4 uncursed apples E - an uncursed food ration I - an uncursed carrot L - an uncursed tripe ration Scrolls D - an uncursed scroll of scare monster P - an uncursed scroll of identify named (id) Potions c - 3 uncursed potions of healing d - a blessed potion of healing f - 2 uncursed potions of extra healing g - 2 blessed potions of extra healing Wands h - an uncursed wand of sleep (0:6) w - an uncursed wand of light (0:12) y - an uncursed wand of enlightenment (0:14) Tools s - an uncursed stethoscope K - an uncursed can of grease (0:5) Spells known in the end: Name Level Category Fail Memory a - healing 1 healing 0% 83% b - extra healing 3 healing 0% 83% c - stone to flesh 3 healing 11% 83% Your skills at the end: Fighting Skills Weapon Skills knife [Basic] club [Basic] Spellcasting Skills healing spells [Basic] Final Attributes: You were devoutly aligned. You were poison resistant. You were telepathic. You had infravision. You are dead. Vanquished creatures: a gnome mummy a rock mole a kobold mummy a ghoul a giant ant 2 floating eyes a kobold lord 2 giant bats a wererat an iguana a gas spore a hobbit 2 giant rats a yellow mold a green mold 11 manes 6 geckos 3 jackals 2 kobolds a goblin 7 grid bugs 2 bats a lichen 2 kobold zombies 7 newts 60 creatures vanquished. Voluntary challenges: You were an atheist. You used a wielded weapon 78 times, starting on turn 1. You read items or engraved 2 times, starting on turn 1222. You never genocided any monsters. You never polymorphed an object. You never changed form. You used no wishes. You never split a pudding. You wrote Elbereth's name 1 time, starting on turn 1222. You never violated your personal moral code. Dungeon overview: The Dungeons of Doom: levels 1 to 8 Level 1 a fountain a long staircase Level 2 a fountain Level 3 a fountain stairs to The Gnomish Mines Level 4 a general store, some fountains Level 5 a fountain Level 6 (Temporary Stash) a general store, some fountains Level 7 a fountain Level 8 <- You were here The Gnomish Mines: Level 4 stairs to The Dungeons of Doom History has recorded: On T:1 you entered the Dungeons of Doom to retrieve the Amulet of Yendor! On T:528 you reached level 2 of The Dungeons of Doom. On T:870 you reached level 3 of The Dungeons of Doom. On T:1000 you advanced to experience level 2. On T:1050 you reached level 4 of The Dungeons of Doom. On T:1201 you reached level 1 of The Gnomish Mines. On T:1564 you reached level 5 of The Dungeons of Doom. On T:1585 you advanced to experience level 3. On T:1997 you reached level 6 of The Dungeons of Doom. On T:2206 you reached level 7 of The Dungeons of Doom. On T:2334 you advanced to experience level 4. On T:2945 you advanced to experience level 5. On T:3049 you reached level 8 of The Dungeons of Doom. Score breakdown: Gold: 545 ( 9310 points) Experience: 5 levels (11141 points) Exploration: 8 levels ( 16.00%) (11338 points) Discoveries: 3 items ( 1.03%) ( 3040 points) Valuables value: (no points given unless you survive) Artifact value: 0 ( 0 points) Variety of kills: 25 monsters ( 6.60%) ( 7704 points) Time penalty: 3425 turns ( -795 points) Survival: died (score multiplied by 80%) Total score: 33390 Latest messages: You drop a scroll labeled VELOX NEB. You drop a blessed spellbook of healing. You drop a blessed spellbook of extra healing. You drop a blessed spellbook of stone to flesh. You drop 2 pink potions named ~. You drop a pink potion named ~. You drop a puce potion named ~. You drop 3 green gems. Your movements are now unencumbered. You hit the fire ant! The fire ant bites! (2x) You're on fire! The fire ant bites! (2x) You're on fire! One of your scrolls called scare monster catches fire and burns! You hear the wailing of the Banshee... You die... Final status: Goodbye junglejim the Healer, killed by a fire ant... You died in The Dungeons of Doom on dungeon level 8 with 33390 points, and 1981 pieces of gold, after 3425 moves. You were level 5 with a maximum of 31 hit points when you died.